 Dungeon Crawl Stone Soup version 0.30-a0-986-g7f2e898f52 (webtiles) character file.

Game seed: 1191600074257065920

1191 ytrimaz the Cleaver (level 8, -15/64 HPs)
             Began as a Hill Orc Fighter on Apr 2, 2023.
             Was an Initiate of Beogh.
             Demolished by an ogre
             ... wielding a +0 giant spiked club
              (19 damage)
             ... on level 5 of the Dungeon.
             The game lasted 00:05:01 (4299 turns).

ytrimaz the Cleaver (Hill Orc Fighter)              Turns: 4299, Time: 00:05:01

Health: -15/64     AC: 11    Str: 21    XL:     8   Next: 43%
Magic:  8/8        EV:  5    Int:  8    God:    Beogh [......]
Gold:   306        SH:  4    Dex: 10    Spells: 7/7 levels left

rFire   . . .      SeeInvis +    a - +0 war axe
rCold   . . .      Faith    +    c - +0 buckler
rNeg    . . .      Spirit   .    h - +0 plate armour
rPois   +          Reflect  .    (no helmet)
rElec   .          Rampage  .    (no cloak)
rCorr   .                        (no gloves)
Will    .....                    (no boots) Stlth
                                 q - amulet of faith
HPRegen 0.30/turn                m - ring of poison resistance
MPRegen 0.11/turn                e - ring of see invisible

@: about to teleport, studying Fire Magic
A: no striking features
a: Renounce Religion


You were on level 5 of the Dungeon.
You worshipped Beogh.
Beogh was noncommittal.
You visited 1 branch of the dungeon, and saw 5 of its levels.

You collected 306 gold pieces.


   Skills:
 - Level 3.6 Fighting
 + Level 12.9 Axes
 - Level 3.2 Armour
 - Level 3.2 Shields


You had 7 spell levels left.
You didn't know any spells.
Your spell library contained the following spells:

 Spells                   Type           Power      Damage    Failure   Level
 Shock                    Conj/Air       0%         1d3       100%        1
 Swiftness                Air            0%         N/A       100%        3
 Airstrike                Air            0%         2d(0-16)  100%        4

Inventory:

Hand Weapons
 a - a +0 war axe (weapon)
 p - the +8 whip of Discretion {vamp, SInv}
   (You found it on level 4 of the Dungeon)

   SInv:      It lets you see invisible.
Armour
 b - a +0 scale mail
 c - a +0 buckler (worn)
 h - a +0 plate armour (worn)
   (You found it on level 2 of the Dungeon)
Jewellery
 e - a ring of see invisible (right hand)
   (You found it on level 4 of the Dungeon)
 m - a ring of poison resistance (left hand)
   (You found it on level 3 of the Dungeon)
 q - an amulet of faith (around neck)
   (You found it on level 3 of the Dungeon)
Wands
 g - a wand of flame (11)
   (You found it on level 4 of the Dungeon)
 k - a wand of polymorph (9)
   (You found it on level 4 of the Dungeon)
Scrolls
 f - 2 scrolls of poison
Potions
 i - a potion of resistance
 j - 2 potions of magic
 n - a potion of mutation {unknown}
 o - 2 potions of flight {unknown}
 t - a potion of experience {unknown}

Dungeon Overview and Level Annotations

Branches:
Dungeon (5/15) Zot: 25653
 Temple: D:4-7

Altars:
Ashenzari
Gozag
Okawaru

*,,****#..***#.#*** ****,
###*,,**###..,,,...,,* *,
#......,..#..,,,...,,**********,
#.#.#.###^#.#***#.#*,,,,,,,,,,,,
#.#.#.##..#.# #.#*,***,*******
#.#o#.....#.# #.#*,* *,*
#.#.#.....#.#####.##.###.*******
#<#.#.###.#.....O.$......<,,,,,,
#.#.#....o.....@O.##.##.#*******
#.........#########*,**,*
*###.#.##### *,**,* * #†#.#
*,,*,* * #.#.# **,*,* ***** *
#.#.# ***** *,*,****,,,, *
*#.#.#***,,,* *,*,,,,,,,,, *
*.....,,,,*,********,******,***
* *.....,,,,,,,,,,,,,,,,,,,,*,*


You could see 2 ogres and a neutral orc priest (wandering).


Message History

You take 3 damage, and now have 45/64 hp.
Unknown command.
You closely miss the water moccasin. The water moccasin barely misses you.
An orc comes into view. It is wielding a +0 hand axe.
The water moccasin bites you but does no damage.
You are too injured to fight recklessly!
You slash the water moccasin! You barely miss the orc.
The orc hits you but does no damage.
An orc priest comes into view. It is wielding a +0 club.
The water moccasin bites you but does no damage. 😮 HP[+1] Unknown command.
You are too injured to fight recklessly!
You closely miss the water moccasin. You closely miss the orc.
The orc priest shouts, "Join the one true god or die!" (press Y on the ability menu to convert to Beogh)
The orc priest shouts!
The water moccasin bites you.
The orc hits you but does no damage. 😮 HP[-5]
You take 5 damage, and now have 41/64 hp.
Unknown command.
You slash the water moccasin! You hit the orc but do no damage.
The water moccasin bites you but does no damage.
You block the orc's attack.
Unknown command.
You bow before the missionary of Beogh.
Beogh welcomes you!
Your amulet flashes!
With a roar of approval, the orcs welcome you as one of their own, and spare your life.
The water moccasin bites you.
The water moccasin bites you but does no damage. 😮 HP[-2]
You take 2 damage, and now have 39/64 hp.
Unknown command.
You slash the water moccasin!
You kill the water moccasin!
Beogh accepts your kill.
You see here a water moccasin corpse.
Unknown command.
Okay, then.
There's nothing to open nearby.
Unknown command.
As you read the scroll labelled RYAWANK JICEQY, it crumbles to dust.
You feel aware of your surroundings.
It was a scroll of magic mapping. 😮 HP[+1] Unknown command.
As you read the scroll labelled KUMAZO UJEHU, it crumbles to dust.
It is a scroll of amnesia.
You feel forgetful for a moment.
As you read the scroll of identify, it crumbles to dust.
i - a potion of resistance
As you read the scroll of identify, it crumbles to dust.
j - 2 potions of magic 😮 HP[+1] Key pressed, stopping explore.
You see here a water moccasin corpse.
An iguana comes into view.
The iguana hisses angrily. 😎 HP[+23]
Your hp is fully restored (64).
An iguana is nearby!
An iguana is nearby!
The iguana bites you but does no damage.
You hit the iguana but do no damage. The iguana bites you! 😕 HP[-8]
You take 8 damage, and now have 56/64 hp.
You slash the iguana! You barely miss the iguana. The iguana bites you.
An ogre comes into view.
It is wielding a +0 giant spiked club. 😕 HP[-2]
You take 2 damage, and now have 54/64 hp.
You slash the iguana!
You kill the iguana!
Beogh accepts your kill. 😕 HP[+1] Unknown command.
An ogre comes into view. It is wielding a +0 giant club.
The ogre shouts!
The ogre hits you with a +0 giant spiked club! 😮 HP[-8]
You take 8 damage, and now have 47/64 hp.
You are too injured to fight recklessly!
You are too injured to fight recklessly!
You barely miss the ogre.
The ogre hits you with a +0 giant spiked club!
* * * LOW HITPOINT WARNING * * *
😨 HP[-16]
You take 16 damage, and now have 31/64 hp.
MASSIVE DAMAGE!! (PAUSE) 😨 HP[+1]
As you read the scroll of teleportation, it crumbles to dust.
You feel strangely unstable.
The ogre hits you with a +0 giant club!!
* * * LOW HITPOINT WARNING * * *
😱 HP[-28]
You take 28 damage, and now have 4/64 hp.
MASSIVE DAMAGE!! (PAUSE)
The ogre attacks as you move away!
The ogre hits you with a +0 giant spiked club!!
You die...

Skill      XL: |  1  2  3  4  5  6  7  8 |
---------------+-------------------------+-----
Axes           | 4 5 6 8 11 12 | 12.9
Fighting       | |  3.6
Armour         | |  3.2
Shields        | |  3.2

Action                     |  1- 3 |  4- 6 |  7- 9 || total
---------------------------+-------+-------+-------++-------
  Melee: War axe           |   104 |   194 |    35 ||   333
 Invoke: Convert to Beogh  |       |       |     1 ||     1
    Use: Scroll            |     1 |     5 |     7 ||    13
         Potion            |       |     2 |     3 ||     5
 Armour: Scale mail        |    26 |       |       ||    26
         Plate armour      |    46 |   128 |    12 ||   186
  Dodge: Dodged            |    35 |    36 |     4 ||    75
  Block: Buckler           |    16 |    45 |     2 ||    63

Levels and vault maps discovered:
D:1:      tarquinn_simple_flora_water_f, layout_basic
D:2:      layout_loops_cross
D:3:      layout_loops_corners, mainiacjoe_overflow_small_starburst,
          nicolae_overflow_squiral, uniq_natasha
D:4:      layout_gridville, minmay_manual_monolith, uniq_grinder, uniq_pikel
D:5:      layout_loops_ring, uniq_sigmund

Notes
Turn   | Place    | Note
-------+----------+-------------------------------------------
     0 | D:1      | ytrimaz the Hill Orc Fighter began the quest for the Orb.
     0 | D:1      | Reached XP level 1. HP: 19/19 MP: 1/1
     0 | D:1      | magus.rc [v1.9.6]
    76 | D:1      | Reached skill level 3 in Axes
    95 | D:1      | You fall into a shaft and drop 1 floor!
   160 | D:2      | Reached skill level 4 in Axes
   160 | D:2      | Reached XP level 2. HP: 16/26 MP: 2/2
   315 | D:2      | Reached XP level 3. HP: 30/31 MP: 3/3
   536 | D:2      | Reached skill level 5 in Axes
   817 | D:2      | Reached XP level 4. HP: 39/39 MP: 4/4
   960 | D:1      | Reached skill level 6 in Axes
  1374 | D:3      | Found an iron altar of Okawaru.
  1535 | D:3      | Noticed Natasha
  1549 | D:3      | Killed Natasha
  1550 | D:3      | Reached XP level 5. HP: 23/45 MP: 5/5
  2002 | D:3      | Found an opulent altar of Gozag.
  2005 | D:3      | Found a broken altar of Ashenzari.
  2244 | D:3      | Reached skill level 7 in Axes
  2699 | D:4      | HP: 7/45 [something/puff of flame (9)]
  2701 | D:4      | HP: 3/45 [something (1)]
  2796 | D:4      | Noticed a water moccasin
  2804 | D:4      | Killed a water moccasin
  2805 | D:4      | Reached skill level 8 in Axes
  2805 | D:4      | Reached XP level 6. HP: 34/51 MP: 6/6
  2808 | D:4      | Reached skill level 9 in Axes
  3161 | D:4      | Identified the +8 whip of Discretion {vamp, SInv}
  3192 | D:4      | Noticed Pikel
  3203 | D:4      | Killed Pikel
  3204 | D:4      | Reached skill level 11 in Axes
  3204 | D:4      | Reached XP level 7. HP: 22/57 MP: 7/7
  3204 | D:4      | Reached XP level 8. HP: 25/64 MP: 8/8
  3468 | D:4      | Noticed Grinder
  3473 | D:4      | Paralysed by Grinder for 2 turns
  3486 | D:4      | Killed Grinder
  3487 | D:4      | Reached skill level 12 in Axes
  3906 | D:4      | You pick up a book of Air and begin reading...
  3906 | D:4      | You add the spells Shock, Swiftness and Airstrike to your
                  | library.
  4176 | D:5      | Entered Level 5 of the Dungeon
  4190 | D:5      | Became a worshipper of Beogh the Brigand
  4298 | D:5      | HP: 4/64 [ogre/+0 giant club (28)]
  4299 | D:5      | Demolished by an ogre

Vanquished Creatures
  Pikel (D:4)
  Grinder (D:4)
  2 water moccasins
  A lemure (D:4)
  A scorpion (D:4)
  An orc wizard (D:4)
  Natasha (D:3)
  An iguana (D:5)
  4 gnolls (D:4)
  8 adders
  A shadow imp (D:4)
  4 worms
  3 dart slugs
  2 orcs
  3 bats
  10 endoplasms
  4 giant cockroaches
  5 goblins
  4 hobgoblins
  5 jackals
  5 quokkas
  16 ball pythons
  4 frilled lizards
  4 kobolds
  4 rats
95 creatures vanquished.

Table legend:
 A = Non-vault XP
 B = Vault XP
 C = Vault XP percentage of total XP
 D = Non-vault monster count
 E = Vault monster count
 F = Vault count percentage of total count
                 A         B        C        D         E       F
            +---------+---------+-------+---------+---------+-------
      Total |     579 |    1123 |  66.0 |      85 |       9 |   9.6
            +---------+---------+-------+---------+---------+-------
        D:1 |      15 |       0 |   0.0 |      11 |       0 |   0.0
        D:2 |     105 |       0 |   0.0 |      31 |       0 |   0.0
        D:3 |      70 |      35 |  33.3 |      18 |       1 |   5.3
        D:4 |     201 |    1088 |  84.4 |      23 |       8 |  25.8
        D:5 |     188 |       0 |   0.0 |       2 |       0 |   0.0
            +---------+---------+-------+---------+---------+-------

Illustrated notes

Table legend:
 A = Kills in this place as a percentage of kills in the entire game.
 B = Kills by you in this place as a percentage of kills by you in the entire game.
 C = Kills by friends in this place as a percentage of kills by friends in the entire game.
 D = Other kills in this place as a percentage of other kills in the entire game.
 E = Experience gained in this place as a percentage of experience gained in the entire game.
 F = Experience gained in this place divided by the number of levels of this place that you have seen.
                   A       B       C       D       E      F
               +-------+-------+-------+-------+-------+----------------------
         Total | 100.0 | 100.0 |   N/A |   N/A | 100.0 | 340.4
       Dungeon | 100.0 | 100.0 |   N/A |   N/A | 100.0 | 340.4
               +-------+-------+-------+-------+-------+----------------------

Table legend: (Time is in decaauts)
 A = Elapsed time spent in this place.
 B = Non-inter-level travel time spent in this place.
 C = Inter-level travel time spent in this place.
 D = Time resting spent in this place.
 E = Time spent auto-exploring this place.
 F = Levels seen in this place.
 G = Mean time per level.
                   A        B        C        D        E       F      G
               +--------+--------+--------+--------+--------+-----+--------+
         Total |   4346 |   4238 |    108 |    460 |   2880 |   5 |  869.2 |
       Dungeon |   4346 |   4238 |    108 |    460 |   2880 |   5 |  869.2 |
               +--------+--------+--------+--------+--------+-----+--------+

Top non-repeatable levels by time:
     D:4: 1708 daAuts
     D:3: 1100 daAuts
     D:2: 869 daAuts
     D:1: 546 daAuts
     D:5: 121 daAuts
